 Dungeon Crawl Stone Soup version 0.30.0-13-g156ef70053 (webtiles) character file.

Game seed: 3811836296650549725

62 meatpath the Shield-Bearer (level 4, 0/29 HPs)
             Began as a Gargoyle Fighter on May 17, 2023.
             Splashed by a jelly's acid (7 damage)
             ... on level 3 of the Dungeon.
             The game lasted 00:04:35 (1804 turns).

meatpath the Shield-Bearer (Gargoyle Fighter)       Turns: 1804, Time: 00:04:36

Health: 0/29       AC:  7    Str: 22    XL:     4   Next: 8%
Magic:  4/4        EV:  6    Int:  8    God:
Gold:   143        SH:  4    Dex:  9    Spells: 1/3 levels left

rFire   . . .        a - +0 flail
rCold   . . .        c - +0 buckler
rNeg    + + .        f - +0 plate armour
rPois   ∞            (no helmet)
rElec   +            (no cloak)
rCorr   .            (no gloves)
SInv    .            (no boots)
Will    .....        (no amulet) Stlth
                     b - ring of positive energy
HPRegen 0.24/turn    (no ring)
MPRegen 0.09/turn

%: no passive effects
@: corroded
A: sickness immunity, AC +3, negative energy resistance 1, electricity
resistance, torment resistance 1, petrification resistance
a: no special abilities


You were on level 3 of the Dungeon.
You visited 1 branch of the dungeon, and saw 3 of its levels.

You collected 143 gold pieces.

Inventory:

Hand Weapons
 a - a +0 flail (weapon)
Armour
 c - a +0 buckler (worn)
 f - a +0 plate armour (worn)
Jewellery
 b - a ring of positive energy (left hand)
Scrolls
 e - a scroll of identify {unknown}
 g - a scroll of enchant armour {unknown}
Potions
 d - a potion of might
 h - a potion of mutation {unknown}
 i - a potion of heal wounds {unknown}


   Skills:
 + Level 4.0 Fighting
 + Level 2.9 Maces & Flails
 - Level 3.2 Armour
 + Level 4.1 Shields


You had one spell level left.
You knew the following spells:

 Your Spells              Type           Power      Damage    Failure   Level
a - Blink                 Tloc           0%         N/A       100%        2

Your spell library contained the following spells:

 Spells                   Type           Power      Damage    Failure   Level
 Slow                     Hex            0%         N/A       100%        1
 Lesser Beckoning         Tloc           0%         N/A       100%        2
 Momentum Strike          Conj/Tloc      0%         3d8       100%        2
 Confusing Touch          Hex            0%         N/A       100%        3
 Vampiric Draining        Necr           0%         2d6       100%        3


Dungeon Overview and Level Annotations

Branches:
Dungeon (3/15)

Altars:

Shops:
D:1 *


Innate Abilities, Weirdness & Mutations

You are immune to sickness and miasma.
Your stone body is resilient. (AC +3)
You are immune to poison.
You resist negative energy. (rN+)
You are resistant to electric shocks. (rElec)
You are resistant to unholy torment.
You are immune to petrification.


Message History

You hit the goblin.
You kill the goblin!
No target in view!
You start resting.
HP restored.
Things that are here:
a +0 club; a +0 sling; a goblin corpse
Found 4 stones.
Found a stone staircase leading down.
Found a stone staircase leading up and a stone staircase leading down.
There is a stone staircase leading up here.
You hear the slow rusting of a drain nearby.
There is a stone staircase leading down here.
A jelly comes into view.
The jelly quivers.
The jelly barely misses you.
You hit the jelly but do no damage.
Your hands burn!
The jelly hits you. The acid corrodes you!
You are splashed with acid.
You sock the jelly!
Your hands burn!
The jelly is heavily wounded.
The jelly hits you but does no damage. You block the jelly's attack.
You hit the jelly but do no damage.
Your hands burn!
The jelly is moderately wounded.
The jelly hits you but does no damage.
You hit the jelly but do no damage.
Your hands burn!
The jelly is moderately wounded.
The jelly hits you but does no damage. The jelly attacks as you move away!
The jelly hits you but does no damage. The jelly attacks as you move away!
The jelly hits you but does no damage. The jelly attacks as you move away!
The jelly closely misses you.
You sock the jelly!
Your hands burn!
The jelly is almost dead.
The jelly closely misses you.
You hit the jelly.
Your hands burn!
* * * LOW HITPOINT WARNING * * *
The jelly is almost dead.
The jelly hits you.
* * * LOW HITPOINT WARNING * * *
The acid corrodes you!
You are splashed with acid!
You die...

#.##.##.# #.....# #
#.##.# #.(...# ..
..##.# #.....# .#
#.###.###.....##.#
#.#.###.##.........#
#.......)...#.##...#
###.##........##...##.#
......##.........>...
###...#...@.....###.
#.......J.....#
#...##....###.###.#
.........## ##....#
####.......###.#####
######...#<## #..>.##
#...## #...#


You could see a jelly.

Vanquished Creatures
  An adder (D:3)
  3 ball pythons
  5 endoplasms (D:1)
  A giant cockroach (D:1)
  9 goblins
  8 hobgoblins
  3 jackals (D:1)
  3 kobolds
  A quokka (D:1)
  6 bats
  A frilled lizard (D:1)
  4 rats
45 creatures vanquished.

Notes
Turn   | Place    | Note
-------+----------+-------------------------------------------
     0 | D:1      | meatpath the Gargoyle Fighter began the quest for the Orb.
     0 | D:1      | Reached XP level 1. HP: 14/14 MP: 1/1
    84 | D:1      | Found Gadyag's Assorted Antiques.
   103 | D:1      | Reached XP level 2. HP: 15/19 MP: 2/2
   464 | D:1      | Reached XP level 3. HP: 24/24 MP: 3/3
  1632 | D:2      | Learned a level 2 spell: Blink
  1689 | D:3      | Reached XP level 4. HP: 26/29 MP: 4/4
  1804 | D:3      | Splashed by a jelly's acid

Illustrated notes

Levels and vault maps discovered:
D:1:      spicycebolla_arrival_clurvy, layout_rooms, serial_shops,
          nicolae_square_shop
D:2:      layout_loops_corners, minmay_goblin_outpost
D:3:      layout_loops_cross, lemuel_crystal_altar,
          cheibrodos_sewer_entry_sluice, shapermc_ecumenical_altar_acropolis,
          minmay_guardbox, uniq_ijyb, uniq_sigmund

Skill      XL: |  1  2  3 |
---------------+----------+-----
Shields        | 4 |  4.1
Fighting       | 4 |  4.0
Maces & Flails | |  2.9
Armour         | |  3.2

Action                     |  1- 3 |  4- 6 || total
---------------------------+-------+-------++-------
  Melee: Flail             |   154 |    11 ||   165
 Armour: Scale mail        |    29 |       ||    29
         Plate armour      |   105 |    12 ||   117
  Dodge: Dodged            |    51 |     3 ||    54
  Block: Buckler           |    38 |     2 ||    40
